 Dungeon Crawl Stone Soup version 0.23.2-1-ga50397a (webtiles) character file.

Game seed: 16113006991813181631

29 davaitedunem the Digger (level 3, -11/26 HPs)
             Began as a Draconian Earth Elementalist on May 6, 2019.
             Mangled by Sigmund
             ... wielding a +1 scythe of venom
              (13 damage)
             ... on level 2 of the Dungeon.
             The game lasted 00:07:18 (967 turns).

davaitedunem the Digger (DrEE)                       Turns: 967, Time: 00:07:18

Health: -11/26     AC:  5    Str: 10    XL:     3   Next: 1%
Magic:  4/6        EV: 12    Int: 16    God:
Gold:   83         SH:  0    Dex: 11    Spells: 5/6 levels left

rFire    . . .     SeeInvis .   (no weapon)
rCold    . . .     Gourm    .   (no shield)
rNeg     . . .     Faith    .   (armour unavailable)
rPois    .         Spirit   .   (helmet restricted)
rElec    .         Reflect  .   (no cloak)
rCorr    .         Harm     .   (no gloves)
MR       .....                  (no boots)
Stlth    ++........             (no amulet)
HPRegen  0.08/turn              (no ring)
MPRegen  0.10/turn              (no ring)

@: lethally poisoned (-11 -> -37)
A: unfitting armour, cold-blooded, AC +5
a: no special abilities


You were on level 2 of the Dungeon.
You were hungry.

You visited 1 branch of the dungeon, and saw 2 of its levels.

You collected 83 gold pieces.

Inventory:

Jewellery
 d - a +2 amulet of reflection {unknown}
 g - an uncursed amulet of faith {unknown}
Scrolls
 a - a scroll of remove curse {unknown}
 e - a scroll of teleportation {unknown}
 f - a scroll of identify {unknown}
 h - a scroll of random uselessness {unknown}
 i - a scroll of enchant armour {unknown}
Potions
 l - a potion of resistance {unknown}
 m - a potion of brilliance {unknown}
Comestibles
 c - 7 rations


   Skills:
 - Level 1.7 Dodging
 - Level 1.7 Stealth
 - Level 2.0 Spellcasting
   Level 1.0 Transmutations
 + Level 4.2 Earth Magic


You had 5 spell levels left.
You knew the following spells:

 Your Spells              Type           Power        Failure   Level  Hunger
a - Sandblast             Erth           ###...       3%          1    #......

Your spell library contained the following spells:

 Spells                   Type           Power        Failure   Level  Hunger
 Passwall                 Tmut/Erth      ##......     11%         2    ###....
 Stone Arrow              Conj/Erth      #.....       26%         3    ###....
 Petrify                  Tmut/Erth      ##......     56%         4    #####..
 Lee's Rapid Deconstruct  Erth           ###.......   71%         5    ######.


Dungeon Overview and Level Annotations

Branches:
Dungeon (2/15)

Altars:

Annotations:
D:2 Sigmund


Innate Abilities, Weirdness & Mutations

Your plain brown scales are hard. (AC +5)
You cannot fit into any form of body armour.
You are cold-blooded and may be slowed by cold attacks.


Message History

Sigmund is severely wounded.
You now have no stones remaining.
You feel sick. Sigmund closely misses you.
You feel sick.
Sigmund hits you with a +1 scythe of venom!
* * * LOW HITPOINT WARNING * * *
You are more poisoned.
There is an open door here.
You hit Sigmund but do no damage.
Your tail-slap misses Sigmund.
Sigmund is severely wounded.
* * * LOW HITPOINT WARNING * * *
You feel sick.
You closely miss Sigmund.
Sigmund is severely wounded.
* * * LOW HITPOINT WARNING * * *
You feel sick.
Sigmund breathes a few words.
Sigmund's hands start flickering wildly.
Sigmund hits you with a +1 scythe of venom!
Ouch! That really hurt!
You die...

#...# ##.....## ##.#.#.# #.##.##
##.......## ##..##..# ###.#...##
#.........####......##
...........+.........'.......#.##
###.....####.........####........
##.#.## ##.......## ##.###.##
.### ##.....## #.# #.## .#
##...## #.###.## .# ##@##
#.....## .# #@# #..##### ..# #..#
# #..# #..# # .... #... . #....
##.# ##... #.# #..## #.#


You could see Sigmund.

Vanquished Creatures
  An ooze (D:2)
  A dart slug (D:1)
  A giant cockroach (D:1)
  5 hobgoblins (D:1)
  3 jackals (D:1)
  3 bats (D:1)
  A frilled lizard (D:1)
  A goblin (D:1)
  5 kobolds
  A rat (D:1)
22 creatures vanquished.

Notes
Turn   | Place    | Note
-------+----------+-------------------------------------------
     0 | D:1      | davaitedunem the Draconian Earth Elementalist began the
                  | quest for the Orb.
     0 | D:1      | Reached XP level 1. HP: 14/14 MP: 3/3
   288 | D:1      | Reached XP level 2. HP: 20/20 MP: 1/5
   582 | D:1      | Reached skill level 4 in Earth Magic
   912 | D:2      | Reached XP level 3. HP: 25/26 MP: 4/6
   957 | D:2      | Noticed Sigmund
   967 | D:2      | Mangled by Sigmund

Skill      XL: |  1  2 |
---------------+-------+-----
Earth Magic    | 4 |  4.2
Dodging        | |  1.7
Stealth        | |  1.7
Spellcasting   | |  2.0
Transmutations | |  1.0

Action                   || total
-------------------------++-------
Melee: Unarmed           ||     9
       Tailslap          ||     1
Throw: Stone             ||    33
 Cast: Sandblast         ||    32
  Use: Potion            ||     2
Armor: Skin              ||     7
Dodge: Dodged            ||     5
